 Dungeon Crawl Stone Soup version 0.28.0 (webtiles) character file.

Game seed: 14368722587496874151

3 Prodoman the Magician (level 1, -1/13 HPs)
             Began as a Demonspawn Hedge Wizard on Feb 4, 2022.
             Slain by a kobold (3 damage)
             ... on level 1 of the Dungeon.
             The game lasted 00:01:12 (135 turns).

Prodoman the Magician (Demonspawn Hedge Wizard)      Turns: 135, Time: 00:01:14

Health: -1/13      AC:  2    Str: 10    XL:     1   Next: 41%
Magic:  0/4        EV: 12    Int: 15    God:
Gold:   18         SH:  0    Dex: 12    Spells: 5/6 levels left

rFire   + . .      SeeInvis .   e - staff of fire
rCold   . . .      Faith    .   (no shield)
rNeg    . . .      Spirit   .   b - +0 robe
rPois   .          Reflect  .   c - +0 hat
rElec   .          Harm     .   (no cloak)
rCorr   .          Rampage  .   (no gloves)
Will    .....                   (no boots)
Stlth   ++........              (no amulet)
HPRegen 0.04/turn               (no ring)
MPRegen 0.09/turn               (no ring)

@: no status effects
A: no striking features
a: no special abilities


You were on level 1 of the Dungeon.
You visited 1 branch of the dungeon, and saw 1 of its levels.

You collected 18 gold pieces.

Inventory:

Hand Weapons
 a - a +0 dagger
Armour
 b - a +0 robe (worn)
 c - a +0 hat (worn)
Magical Staves
 e - a staff of fire (weapon)
Scrolls
 d - a scroll of identify {unknown}


   Skills:
 + Level 1.8 Dodging
 - Level 1.8 Stealth
 * Level 3.0 Spellcasting
 + Level 1.0 Conjurations
 + Level 1.1 Summonings
 - Level 0.9 Translocations
 + Level 0.0 Fire Magic
 + Level 0.0 Evocations


You had 5 spell levels left.
You knew the following spells:

 Your Spells              Type           Power      Damage    Failure   Level
a - Magic Dart            Conj           20%        1d4       13%         1

Your spell library contained the following spells:

 Spells                   Type           Power      Damage    Failure   Level
 Call Imp                 Summ           5%         N/A       19%         2
 Slow                     Hex            8%         N/A       21%         1
 Blink                    Tloc           10%        N/A       21%         2
 Conjure Flame            Conj/Fire      5%         6-21      43%         3
 Mephitic Cloud           Conj/Pois/Air  3%         N/A       45%         3


Dungeon Overview and Level Annotations

Branches:
Dungeon (1/15)

Altars:


Message History

Aim: a kobold, wielding a +0 club (heavily wounded, 100% to hit)
The magic dart hits the kobold.
The kobold is severely wounded.
Casting: Magic Dart (safe; 13% risk of failure)
Confirm with . or Enter, or press ? or * to list all spells.
Aiming: Magic Dart (safe; 13% risk of failure)
Press: ? - help, Shift-Dir - straight line, f/p - kobold
Aim: a kobold, wielding a +0 club (severely wounded, 100% to hit)
The magic dart hits the kobold but does no damage.
The kobold is severely wounded.
A kobold comes into view. It is wielding a +0 club.
Casting: Magic Dart (safe; 13% risk of failure)
Confirm with . or Enter, or press ? or * to list all spells.
Aiming: Magic Dart (safe; 13% risk of failure)
Press: ? - help, Shift-Dir - straight line, f/p - kobold
Aim: a kobold, wielding a +0 club (severely wounded, 100% to hit)
The magic dart hits the kobold but does no damage.
The kobold is severely wounded.
A bat comes into view.
Hit: e) staff of fire
Press: ? - help, Dir - move target, f/p - kobold
Aim: a kobold, wielding a +0 club (severely wounded, about 47% to evade your staff of fire)
You hit the kobold.
The kobold is almost dead.
The kobold closely misses you. The kobold hits you with a +0 club.
Hit: e) staff of fire
Press: ? - help, Dir - move target, f/p - kobold
Aim: a kobold, wielding a +0 club (almost dead, about 47% to evade your staff of fire)
You hit the kobold but do no damage.
The kobold is almost dead.
The kobold hits you with a +0 club. The kobold misses you.
The kobold hits you with a +0 club. x2
* * * LOW HITPOINT WARNING * * *
Hit: e) staff of fire
Press: ? - help, Dir - move target, f/p - kobold
Aim: a kobold, wielding a +0 club (almost dead, about 47% to evade your staff of fire)
You barely miss the kobold.
The kobold is almost dead.
The kobold hits you with a +0 club.
You die...

## ..... . #. .
.... .. .#. ... #.
#. #.. ..# ...
#..##.## . ##.. ..#
.....# ...#..b #.#
#..## #....K#####.#
#####..>. #K@..##.#
#.....##.
#.##....###.>...###
#. #......#.....#..
#. #...............
#. #............###
#. #.(..#.........#
#. #....##......#..
#. #.......#.#####.
....#..###.†. ##


You could see a bat and 2 kobolds.

Vanquished Creatures
  A bat (D:1)
  An endoplasm (D:1)
  A rat (D:1)
3 creatures vanquished.

Notes
Turn   | Place    | Note
-------+----------+-------------------------------------------
     0 | D:1      | Prodoman the Demonspawn Hedge Wizard began the quest for
                  | the Orb.
     0 | D:1      | Reached XP level 1. HP: 13/13 MP: 4/4
   135 | D:1      | Slain by a kobold

Illustrated notes

Levels and vault maps discovered:
D:1:      lightli_iron_boxes, layout_rooms,
          hellmonk_ecumenical_altar_heavens_door, chequers_garden, minivault_26,
          minmay_3d_cube

Action                   || total
-------------------------++-------
Melee: Staff             ||     4
       Dagger            ||     2
 Cast: Magic Dart        ||     8
Dodge: Dodged            ||     4
